[Event "Czech Open-GM 2022"]
[Site "Pardubice"]
[Date "2022.07.27"]
[Round "6.38"]
[White "Jirousek, Jan"]
[Black "Kokoszczynski, Jan"]
[Result "1/2-1/2"]
[ECO "E16"]
[WhiteElo "2094"]
[BlackElo "2297"]
[Annotator "TA"]
[PlyCount "63"]
[EventDate "2022.07.22"]
[EventType "swiss"]
[EventCountry "CZE"]
[SourceTitle "playchess.com"]
[Source "ChessBase"]
[SourceQuality "1"]
[TimeControl "40/5400+30:1800+30"]

1. d4 Nf6 2. Nf3 e6 3. c4 Bb4+ 4. Bd2 Qe7 5. a3 Bxd2+ 6. Qxd2 d6 7. Nc3 O-O 8. g3 e5 {[%emt 0:10:28] E11: Bogo-Indian.} 9. Bg2 Re8 10. O-O c6 {[%emt 0:00:57] The position is equal.} 11. e3 {[%emt 0:04:06] [#]} Bg4 $146 (11... e4 $5 12. Ng5 Bf5 $11) ({Predecessor:} 11... Nbd7 12. Qc2 Nb6 13. b3 Bg4 14. h3 Bxf3 15. Bxf3 e4 16. Bg2 d5 17. c5 Nbd7 {0-1 (46) Blagojevic,M (2160)-Kovacevic,B (2449) Bosnjaci 2014}) 12. Rfc1 Nbd7 13. Qc2 (13. h3 $5 Bxf3 14. Bxf3 $11) 13... Rac8 14. b4 Qe6 (14... h6 $11) 15. d5 $1 $14 cxd5 (15... Qe7 $1 $14) 16. Ng5 $1 $36 {[%emt 0:07:43][%csl LRd5,LRe6][%mdl 2048] White has strong initiative.} Qf5 17. Qxf5 Bxf5 {[%emt 0:00:04] [#]} 18. Nb5 $1 h6 (18... Rxc4 $2 19. Nxd6 Rxc1+ 20. Rxc1 $18) 19. Nxf7 {[%emt 0:02:51] White is more active.} Kxf7 20. Nxd6+ Kg6 21. Nxc8 ({Don't play} 21. Nxe8 Rxe8 22. cxd5 Nb6 $14) 21... Rxc8 22. cxd5 {[%emt 0:00:22][%mdl 64] Discovered Attack} Rb8 {[%emt 0:01:29] [#]} 23. f3 $1 {[%emt 0:03:19] Hoping for e4.} Nb6 24. e4 Bd7 25. Kf2 ({White should play} 25. Rc5) 25... Ne8 26. Ke3 Kf6 27. Bf1 Ke7 28. Bd3 Kd6 29. Rc5 Nf6 30. Rac1 Rf8 31. Be2 Re8 32. Bd3 {[%emt 0:01:57] Weighted Error Value: White=0.10 (very precise) /Black=0.20 (precise)} (32. Bd1 $16) 1/2-1/2

[Event "Czech Open-GM 2022"]
[Site "Pardubice"]
[Date "2022.07.27"]
[Round "6.39"]
[White "Ahmed, Fareed"]
[Black "Akesson, Ralf"]
[Result "0-1"]
[ECO "B10"]
[WhiteElo "1920"]
[BlackElo "2427"]
[Annotator "TA"]
[PlyCount "42"]
[EventDate "2022.07.22"]
[EventType "swiss"]
[EventCountry "CZE"]
[SourceTitle "playchess.com"]
[Source "ChessBase"]
[SourceQuality "1"]
[TimeControl "40/5400+30:1800+30"]

1. e4 c6 2. c4 d5 3. exd5 cxd5 4. cxd5 Nf6 5. Nc3 Nxd5 6. Nf3 Nxc3 7. bxc3 g6 8. d4 Bg7 9. Be2 O-O 10. O-O Nc6 11. Bf4 {[%emt 0:26:09] B10: Caro-Kann: 2 d3 and 2 c4.} Be6 12. Qd2 Rc8 {[%emt 0:01:59] [#]} 13. Rab1 $146 {[%emt 0:10:58] The position is equal.} ({Predecessor:} 13. Bh6 Bd5 14. Bxg7 Kxg7 15. Qe3 e6 16. Rfd1 Ne7 17. Ne5 Nf5 18. Qh3 f6 19. Ng4 Qa5 20. Rdc1 Qa3 21. Qd3 {0-1 (73) Sichinava,R (2445)-Supatashvili,K (2445) Tbilisi 1996}) 13... Na5 14. Ne5 f6 15. Ng4 {[%emt 0:24:07] [#]} (15. Nf3 $11 {and White stays safe.}) 15... g5 $1 $19 16. Bxg5 (16. Bg3 $17 {was worth a try.}) 16... fxg5 17. Qxg5 Rxc3 18. Rfd1 b6 19. d5 Bxg4 20. Bxg4 Qd6 21. Re1 Qf6 {[%emt 0:01:20] Black took control after the opening.  Weighted Error Value: White=0.45/Black=0.06 (flawless)} 0-1

[Event "Czech Open-GM 2022"]
[Site "Pardubice"]
[Date "2022.07.27"]
[Round "6.40"]
[White "Kawulok, Marek"]
[Black "Smith, Bryan"]
[Result "0-1"]
[ECO "B32"]
[WhiteElo "2181"]
[BlackElo "2421"]
[Annotator "TA"]
[PlyCount "72"]
[EventDate "2022.07.22"]
[EventType "swiss"]
[EventCountry "CZE"]
[SourceTitle "playchess.com"]
[Source "ChessBase"]
[SourceQuality "1"]
[TimeControl "40/5400+30:1800+30"]

1. e4 c5 2. Nf3 Nc6 3. d4 cxd4 4. Nxd4 e5 5. Nb5 d6 6. N1c3 a6 7. Na3 Be6 8. Nc4 b5 {[%emt 0:00:38] 8...Rb8 is the fancy move.} 9. Ne3 Nf6 {[%emt 0:00:45] B32: Sicilian: Löwenthal and Kalashnikov Variations.} 10. Ned5 Bxd5 (10... Be7 $11) 11. Nxd5 $16 Nxe4 {[%emt 0:01:17] [#]} (11... Be7 $14) 12. Qf3 (12. Be3 $1 $16 {[%cal Re3b6] aiming for Bb6.} Rb8 13. a4) 12... Nc5 $14 13. Nf6+ gxf6 $11 14. Qxc6+ Ke7 {[%emt 0:04:10] [#]} 15. b4 $146 ({Predecessor:} 15. Be3 Rc8 16. Qd5 Qd7 17. O-O-O h5 18. g3 Qc6 19. Bh3 Qxd5 20. Rxd5 Ne6 21. f4 {0-1 (44) Cioara,A (2386)-Grigore,G (2473) Bucharest 2003}) 15... Rc8 16. Qd5 Na4 {[%emt 0:07:10] And now ...Qc7 would win.} 17. Bd3 Qc7 {[%emt 0:05:58] Hoping for ...Qc3+.} 18. O-O $1 Qc6 19. Qb3 d5 {[%emt 0:13:57] White must now prevent ...Qe6.} 20. Bf5 {[%emt 0:08:45] Inhibits Qe6.} Rc7 21. Be3 {[%emt 0:07:58] This bishop pair is nice.} Ke8 22. Rfe1 Be7 23. Bd2 h5 24. Qg3 Kf8 {[%emt 0:00:56] Inhibits Qg7+.} 25. Qf3 Nb2 26. a3 Nc4 27. Rad1 Nd6 28. Bh3 d4 {[%emt 0:00:52] [#] Threatens to win with ...Qxf3.} 29. Qe2 Qc4 (29... Qxc2 $2 30. Rc1 Qc4 31. Qd1 $18) 30. Qf3 (30. f3 $17) 30... Qxc2 $19 31. Qa8+ (31. Qd5 $142) 31... Kg7 32. Qxa6 Rb8 33. Rf1 $2 (33. g3) 33... Nc4 {[%emt 0:07:32] Black is clearly winning.} 34. Bc1 Qe4 35. a4 Rb6 36. Rde1 Qd5 {[%emt 0:00:42] Weighted Error Value: White=0.46/Black=0.07 (flawless)} 0-1

[Event "Czech Open-GM 2022"]
[Site "Pardubice"]
[Date "2022.07.27"]
[Round "6.41"]
[White "Mondrzycki, Bartlomiej"]
[Black "Finek, Vaclav"]
[Result "0-1"]
[ECO "A48"]
[WhiteElo "2180"]
[BlackElo "2393"]
[Annotator "TA"]
[PlyCount "98"]
[EventDate "2022.07.22"]
[EventType "swiss"]
[EventCountry "CZE"]
[SourceTitle "playchess.com"]
[Source "ChessBase"]
[SourceQuality "1"]
[TimeControl "40/5400+30:1800+30"]

1. d4 Nf6 2. Nf3 g6 3. Bg5 Bg7 4. Nbd2 O-O 5. c3 d6 6. e4 c5 7. dxc5 dxc5 8. Be2 Nc6 9. O-O Qc7 10. Qc2 Nh5 {[%emt 0:02:54] A48: 1 d4 Nf6 2 Nf3 g6: Torre, London and Colle Systems.} 11. Nc4 {[%emt 0:03:10] [#]} b6 $146 ({Predecessor:} 11... Nf4 12. Ne3 Be6 13. Bxf4 Qxf4 14. g3 Qb8 15. Nd5 Bg4 16. Rfd1 Rd8 17. Ne3 Bd7 18. Rd5 {0-1 (38) Vlahov,D (2275)-Sale,S (2445) Makarska 1994}) 12. Ne3 e6 {[%emt 0:00:21] Prevents Nd5. The position is equal.} 13. Rad1 Nf4 (13... h6 $11 14. Bh4 Bb7) 14. Bxf4 (14. Bb5 {with more complications.} Bb7 15. Qd2 a6 16. Bxc6 Bxc6 17. Nc4) 14... Qxf4 15. Nd2 Bb7 ({Don't take} 15... Be5 16. g3 Qf6 17. f4 $18) 16. g3 Qc7 17. f4 Ne7 18. Bf3 Rfd8 19. e5 Bxf3 20. Nxf3 b5 21. c4 bxc4 22. Qxc4 Rxd1 23. Rxd1 Qb7 24. Qe2 Nf5 25. Nxf5 gxf5 26. Rd3 Bf8 27. Kg2 Rc8 28. Qd2 c4 29. Rd7 Qe4 30. Rd4 Qb1 31. Qe2 (31. Rd7 $11) 31... Rb8 32. Rd2 Qxa2 {[%emt 0:03:20] Black is more active.} 33. Kh3 {[%emt 0:00:36] Ng5 is the strong threat.} h6 {[%emt 0:01:09] Against Ng5} 34. Rc2 Qb1 35. Nd4 a5 $1 36. Nc6 Rb5 37. Nd4 (37. Na7 $17 Rc5 38. Rxc4) 37... Rb6 (37... Rb7 $19 {Hoping for ...a4.} 38. Rd2 c3 39. bxc3 a4) 38. Nf3 $2 (38. b3 $1 $15) 38... Rb4 (38... c3 $19 {is more deadly.} 39. bxc3 a4) 39. Kh4 $2 {[%emt 0:00:25] This costs White the game.} (39. Nd4 $17 {keeps fighting.}) 39... a4 $19 40. Nd4 Rb6 41. g4 Be7+ 42. Kh5 Qg1 $1 43. gxf5 $2 (43. Rxc4 Rxb2 $3 44. Rc8+ Kh7 $19) (43. Rd2 Qxg4+ 44. Qxg4+ fxg4 45. Ne2) 43... Qxd4 44. Qg4+ {[%emt 0:03:24] [#]} Kf8 $1 {[%emt 0:01:44] ( -> ...exf5)} 45. Rg2 Ke8 46. f6 Bf8 47. Qf3 Qd5 48. Qf2 Rb3 49. Rg8 Qf3+ {[%emt 0:01:34] Weighted Error Value: White=0.71/Black=0.16 (very precise)} (49... Rh3+ $142 50. Kg4 Qd3 51. f5 exf5+ 52. Qxf5 {[#]} Rh4+ $3 53. Kxh4 Qxf5 54. Rg4 Qxe5 55. Rg3 Qxb2 56. Re3+ Kd7 57. Kg4 a3 58. Kf3 Qxf6+ 59. Kg2 a2 60. Re1 Qg5+ 61. Kf3 Qf5+ 62. Ke2 Qg4+ 63. Kd2 Bb4+ 64. Ke3 Bxe1 65. h3 Qf5 66. h4 a1=Q 67. Ke2 Qf2#) 0-1

[Event "Czech Open-GM 2022"]
[Site "Pardubice"]
[Date "2022.07.27"]
[Round "6.42"]
[White "Czerw, Dawid"]
[Black "Winter, Ondrej"]
[Result "1-0"]
[ECO "B10"]
[WhiteElo "2391"]
[BlackElo "2168"]
[Annotator "TA"]
[PlyCount "71"]
[EventDate "2022.07.22"]
[EventType "swiss"]
[EventCountry "CZE"]
[SourceTitle "playchess.com"]
[Source "ChessBase"]
[SourceQuality "1"]
[TimeControl "40/5400+30:1800+30"]

1. e4 c6 2. Nc3 d5 3. Qf3 dxe4 4. Nxe4 Nd7 5. d4 Ngf6 6. Bc4 e6 {[%emt 0:01:16] 6...Nb6 is the hot move.} (6... Nb6 $1 $15 7. Bd3 (7. Bxf7+ $2 Kxf7 8. Ne2 Qd5 $19) 7... Qxd4) 7. Ne2 {[%emt 0:00:14] B11: Caro-Kann: Two Knights Variation.} Nxe4 8. Qxe4 Nf6 9. Qf3 {[%emt 0:00:05] White has an edge.} Qc7 10. Bf4 Bd6 {[%emt 0:13:19] [#]} 11. Bxd6 $146 ({Predecessor:} 11. O-O O-O 12. Rad1 Nd5 13. Bxd6 Qxd6 14. Ng3 Nf6 15. Nh5 Nxh5 16. Qxh5 g6 17. Qe5 Rd8 18. c3 b6 19. Rfe1 Bb7 20. Bb3 {½-½ (20) Cabanas Jimenez,M (1993)-Davicce Canada,J (2056) Galapagar 2006}) 11... Qxd6 12. O-O-O b6 13. g4 Bb7 14. g5 Nd5 15. Bxd5 Qxd5 16. Qxd5 cxd5 17. Nf4 Kd7 18. h4 Rac8 19. Rde1 Rc4 (19... Kd6 {is interesting.} 20. h5 h6 21. Rhg1 hxg5 22. Rxg5 Rh7) 20. c3 a5 21. a3 Ba6 22. h5 Rc6 23. h6 g6 24. Rh3 Rhc8 25. Rf3 {[%emt 0:00:49][%cal Of4d5] Strongly threatening Nxd5!} R8c7 26. Kd2 {[%emt 0:00:27] White is more active.} Kd8 {[%emt 0:01:33] [#]} (26... Kd6 $16) 27. Ng2 $1 $18 Bc4 (27... Kc8 {was called for.} 28. Ne3 Rd6) 28. Ne3 b5 29. Ng4 b4 30. axb4 axb4 31. Nf6 bxc3+ 32. bxc3 Ra6 33. Nxh7 {[%emt 0:01:32] [#] Black must now prevent Nf6.} Ra2+ (33... Ke7 $142 34. Nf6 Ra8) 34. Ke3 {[%emt 0:01:10] White is clearly winning.} Ke7 35. Nf6 {[%emt 0:00:26] Threatens to win with h7.} Kf8 36. h7 {[%emt 0:00:47] Weighted Error Value: White=0.07 (flawless) /Black=0.32} 1-0

[Event "Czech Open-GM 2022"]
[Site "Pardubice"]
[Date "2022.07.27"]
[Round "6.43"]
[White "Stauskas, Lukas"]
[Black "Hajiyev, Kanan"]
[Result "1-0"]
[ECO "A12"]
[WhiteElo "2348"]
[BlackElo "2142"]
[Annotator "TA"]
[PlyCount "133"]
[EventDate "2022.07.22"]
[EventType "swiss"]
[EventCountry "CZE"]
[SourceTitle "playchess.com"]
[Source "ChessBase"]
[SourceQuality "1"]
[TimeControl "40/5400+30:1800+30"]

1. b3 d5 2. Bb2 Nf6 3. Nf3 g6 4. c4 c6 5. g3 Bg7 6. Bg2 O-O 7. O-O Bg4 8. d3 Nbd7 9. Nbd2 Re8 10. h3 Bxf3 11. Bxf3 e5 {[%emt 0:11:17] A11: English Opening: 1...c6.} 12. cxd5 Nxd5 13. Qc2 {[%emt 0:05:30] [#]} Nf8 $146 {[%emt 0:03:40] The position is equal.} ({Predecessor:} 13... N7b6 14. a3 h5 15. h4 Nc7 16. Kg2 Ne6 17. e3 Qe7 18. Rad1 Rad8 19. b4 f5 {½-½ (34) Baerwinkel,T (2345)-Kargoll,P (2201) Germany 2012}) 14. a3 Qd7 15. Bg2 Ne6 16. e3 Rad8 17. Nc4 Nec7 18. Rad1 f5 19. d4 (19. e4 $14) 19... e4 $1 $11 20. Ne5 Qe7 21. b4 Ne6 22. Qb3 a6 23. Rb1 Ng5 24. Nc4 h5 25. h4 Nf7 {[%emt 0:00:25] Pair of Knights!} 26. Qd1 Bf6 27. Qe2 Kg7 28. a4 Qxb4 29. Ba1 Qe7 30. Na5 (30. Rfc1 $15) 30... Rd7 31. Rb3 Rh8 32. Rfb1 Nd8 33. Nc4 g5 (33... b5 $1 $17 34. Ne5 Bxe5 35. dxe5 Ne6 36. axb5 axb5) 34. hxg5 $14 Bxg5 35. f3 h4 36. fxe4 fxe4 (36... h3 37. exd5 hxg2 38. Qxg2 $16) 37. Qg4 (37. Ne5 $5 ) 37... hxg3 38. Rf1 Rh4 (38... b5 $2 39. Nb6 $1 (39. Ne5 Rc7 $18) 39... Rh4 40. Qxd7 $16) 39. Qxg3 {[%emt 0:00:26] next Rf5 is good for White. Dancing on a razor blade.} Nf7 40. Ne5 Nxe5 41. dxe5 Kh6 (41... Kg6 $5 42. Bh3 (42. Qf2 $2 Qe6 $19) 42... Rd8 $11) 42. Rf5 {[%emt 0:00:00][%cal Oe5e6] aiming for e6!} Qg7 $36 {[%emt 0:00:00][%mdl 2048] ...Qg6 is the strong threat. Black fights for an advantage.} 43. Bd4 {[%emt 0:00:00] And now e6 would win.} Qg6 44. Rf8 b5 ({Better is} 44... Rh7 $15 45. e6 Qxe6) 45. Rh8+ ({White should play} 45. Rb2 $11) 45... Rh7 $15 46. Rxh7+ Kxh7 47. axb5 axb5 48. Ra3 Be7 49. Qf2 (49. Qxg6+ $15 Kxg6 50. Ra6) 49... Rg4 $1 $17 50. Ra7 Kh6 51. Kh2 $2 (51. Ra8 {is tougher.}) 51... c5 $1 $19 52. Bb2 {[%emt 0:00:45] [#]} c4 $2 (52... Nxe3 $1 $19 53. Bh3 {[#]} (53. Qxe3+ Bg5) 53... Rh4 $1 54. Qxe3+ Bg5) 53. Bh3 $11 Rh4 {[%emt 0:00:25][%cal Od5e3] Threatens to win with ...Nxe3!} 54. Ra8 {[%emt 0:01:31] Strongly threatening Rh8+.} c3 (54... Kh7 $5 55. Qg3 Rh6 $17) 55. Bxc3 Nxc3 56. Rh8+ Kg7 57. Rxh4 Bxh4 58. Qxh4 {[%emt 0:00:06][%mdl 4096] Endgame KQB-KQN} Nd5 59. e6 Nxe3 60. Qe7+ Kh6 61. Qf8+ Kh5 $2 (61... Kh7 $11) 62. e7 {[%emt 0:01:14] White mates.} Qd6+ 63. Kh1 Qd1+ {[%emt 0:00:58] [#]} 64. Bf1 $1 {[%emt 0:00:05][%mdl 576] Promotion} Nxf1 (64... Qxf1+ 65. Qxf1) 65. e8=Q+ Kh4 66. Qxe4+ Kh3 67. Qg2+ {[%emt 0:00:08] White used his chance.  Weighted Error Value: White=0.24 (precise) /Black=0.20 (precise)} 1-0

[Event "Czech Open-GM 2022"]
[Site "Pardubice"]
[Date "2022.07.27"]
[Round "6.44"]
[White "Claridge-Hansen, William"]
[Black "Michelle Catherina, P."]
[Result "1-0"]
[ECO "A37"]
[WhiteElo "2345"]
[BlackElo "2141"]
[Annotator "TA"]
[PlyCount "71"]
[EventDate "2022.07.22"]
[EventType "swiss"]
[EventCountry "CZE"]
[SourceTitle "playchess.com"]
[Source "ChessBase"]
[SourceQuality "1"]
[TimeControl "40/5400+30:1800+30"]

1. c4 c5 2. g3 g6 3. Bg2 Bg7 4. Nc3 Nc6 5. Nf3 d6 6. O-O e5 7. a3 a5 8. d3 Nge7 9. Rb1 O-O 10. Bd2 f5 11. Qc1 {[%emt 0:06:25] A37: Symmetrical English vs ...g6: 4 Bg2 Bg7 5 Nf3.} Kh8 12. Nb5 Be6 {[%emt 0:09:28] [#]} 13. b4 $146 {[%emt 0:02:13] The position is equal.} ({Predecessor:} 13. Bh6 Rc8 14. Re1 Qd7 15. Bxg7+ Kxg7 16. Ng5 Bg8 17. f4 h6 18. Nf3 Kh7 19. Qc3 {0-1 (26) Ulienkov,V (1927)-Kuznetsov,R (2181) Bratsk 2015}) 13... axb4 14. axb4 b6 15. Ne1 Qd7 16. Nc2 Ra2 17. Nc3 Ra7 18. Nd5 $36 {[%emt 0:01:37][%mdl 2048] White has some pressure.} Bxd5 19. cxd5 Nd4 20. Nxd4 cxd4 21. b5 Rc7 22. Qa3 Rc2 23. Bb4 Nc8 (23... Rd8 $11) 24. Rfc1 Rxc1+ 25. Rxc1 Qxb5 26. Bxd6 Nxd6 27. Qxd6 e4 {[%emt 0:01:03] [#]} 28. Qe6 ({And not} 28. dxe4 fxe4 29. Qe6 Qxe2 30. Qxe4 Qxf2+ 31. Kh1 Qe3 $15) ({Better is} 28. Rc7 $1 $16) 28... exd3 (28... Qb2 $1 $14 29. Rc8 Qxe2) 29. exd3 $16 f4 $2 {[%emt 0:01:00][%mdl 8192] Loses the game.} (29... Qe8 $16 30. Qxb6 f4) 30. Rc8 $18 {[%emt 0:03:44] And now d6 would win.} fxg3 31. hxg3 Qb1+ 32. Kh2 {[%emt 0:01:59] [#] White threatens d6 and mate.} Qa2 33. Rxf8+ {[%emt 0:00:35] White mates.} Bxf8 34. Qe5+ Kg8 35. d6 Qxf2 36. d7 {[%emt 0:00:12] Weighted Error Value: White=0.28 (precise) /Black=0.66} 1-0

[Event "Czech Open-GM 2022"]
[Site "Pardubice"]
[Date "2022.07.28"]
[Round "7.1"]
[White "Donchenko, Alexander"]
[Black "Moksh Amit Doshi"]
[Result "1/2-1/2"]
[ECO "A29"]
[WhiteElo "2640"]
[BlackElo "2409"]
[Annotator "TA"]
[PlyCount "64"]
[EventDate "2022.07.22"]
[EventType "swiss"]
[EventCountry "CZE"]
[SourceTitle "playchess.com"]
[Source "ChessBase"]
[SourceQuality "1"]
[TimeControl "40/5400+30:1800+30"]

1. c4 Nf6 2. Nc3 e5 3. Nf3 Nc6 4. g3 d5 5. cxd5 Nxd5 6. Bg2 Bc5 {[%emt 0:00:40] A29: English Opening: Four Knights Variation with 4 g3.} 7. O-O O-O 8. Nxd5 Qxd5 9. d3 (9. Ng5 $5 Qc4 10. d3 $11) 9... h6 10. Bd2 Qd6 11. a3 a5 {[%emt 0:03:03] Against b4} 12. Bc3 {[%emt 0:05:22][%cal Of3e5] [#]} Rd8 $146 ({Predecessor:} 12... Qe7 13. Nd2 a4 14. Rc1 Rd8 15. Qc2 Qe8 16. e3 Bf5 17. Be4 Bxe4 18. dxe4 b6 {0-1 (62) Gudmundsson,E (2497)-Pessoa,F (2503) ICCF email 2018}) 13. Nd2 Be6 14. Ne4 Qe7 15. Nxc5 Qxc5 16. Rc1 Qd6 17. f4 exf4 18. Rxf4 Bd5 19. e4 Be6 20. d4 $1 {[%emt 0:01:02][%cal Bd3d4,Bd4d5][%mdl 32] [#] aiming for d5.} f6 (20... Nxd4 $2 21. e5 Qe7 22. Rxd4 $18) 21. d5 {[%emt 0:01:33] Hoping for Qc2.} Ne5 22. Bd4 c6 23. Bc5 Qc7 24. Rf1 Bf7 25. Qd4 Qd7 26. Bb6 {[%emt 0:01:29] A strong pair of Bishops.} Re8 27. a4 Rec8 28. b3 Kh8 29. Qd2 Bh5 30. Be3 Kh7 {[%emt 0:01:48] The position is equal.} 31. Bf4 Re8 32. Kh1 Bg4 {[%emt 0:00:41] A balanced but interesting game.  Weighted Error Value: White=0.05 (flawless) /Black=0.06 (flawless)} 1/2-1/2

[Event "Czech Open-GM 2022"]
[Site "Pardubice"]
[Date "2022.07.28"]
[Round "7.2"]
[White "Stachowiak, Kamil"]
[Black "Stocek, Jiri"]
[Result "1/2-1/2"]
[ECO "D24"]
[WhiteElo "2476"]
[BlackElo "2548"]
[Annotator "TA"]
[PlyCount "71"]
[EventDate "2022.07.22"]
[EventType "swiss"]
[EventCountry "CZE"]
[SourceTitle "playchess.com"]
[Source "ChessBase"]
[SourceQuality "1"]
[TimeControl "40/5400+30:1800+30"]

1. d4 Nf6 2. Nf3 d5 3. c4 dxc4 4. Nc3 a6 5. a4 Nc6 6. Bg5 h6 {[%emt 0:06:21] D24: Queen's Gambit Accepted: 3 Nf3 Nf6 4 Nc3.} 7. Bh4 g5 8. Bg3 g4 {[%emt 0:01:10] Black is slightly better.} 9. Ne5 Qxd4 {[%emt 0:02:53] And now ...Qc5 would win.} ({But not} 9... Nxd4 10. e3 Nc6 11. Nxc6 (11. Nxc4 Be6 $15) (11. Bxc4 Qxd1+ 12. Rxd1 Nxe5 $11) 11... Qxd1+ 12. Rxd1 bxc6 13. Bxc4 $14) 10. Nxc6 Qxd1+ 11. Rxd1 {[%emt 0:00:05][%csl Gc6][%cal Rd1d8] [#]} bxc6 12. e4 Be6 13. Bxc7 Bg7 {[%emt 0:01:23] [#]} 14. f4 $146 ({Predecessor:} 14. Be2 O-O 15. O-O Nd7 16. f4 gxf3 17. Rxf3 Ra7 18. Bf4 Rb7 19. Rg3 Kh7 20. Rd2 {0-1 (38) Weissenbeck,M (2300)-Brod,M (2212) Austria 2012}) 14... gxf3 $1 15. gxf3 Nh5 16. a5 Rc8 17. Bb6 Bxc3+ 18. bxc3 c5 19. Rg1 Nf6 20. Kf2 Rg8 (20... Nd7 $14) 21. Rxg8+ $16 Nxg8 22. Ke3 {[%emt 0:05:23] White is more active.} ({White should try} 22. e5) 22... Nf6 23. Be2 Nd7 24. f4 {[%emt 0:00:26] [#] aiming for f5.} Nxb6 25. axb6 {[%emt 0:00:04][%mdl 4096] Endgame KRB-KRB} Rb8 26. f5 (26. Rg1 $14 f6 27. f5) 26... Bd7 $11 {[%emt 0:00:59] The position is equal.} 27. Bxc4 Bb5 $1 28. Bxb5+ axb5 {[%emt 0:00:05] KR-KR} 29. Rd5 Rxb6 30. Rxc5 b4 31. cxb4 Rxb4 32. h4 f6 33. Rc8+ Kf7 34. Rh8 Kg7 35. Re8 Kf7 36. Rh8 {[%emt 0:00:05] Weighted Error Value: White=0.06 (flawless) /Black=0.06 (flawless)} 1/2-1/2

[Event "Czech Open-GM 2022"]
[Site "Pardubice"]
[Date "2022.07.28"]
[Round "7.3"]
[White "Harsha Bharathakoti"]
[Black "Brodowski, Piotr"]
[Result "1/2-1/2"]
[ECO "B34"]
[WhiteElo "2547"]
[BlackElo "2450"]
[Annotator "TA"]
[PlyCount "80"]
[EventDate "2022.07.22"]
[EventType "swiss"]
[EventCountry "CZE"]
[SourceTitle "playchess.com"]
[Source "ChessBase"]
[SourceQuality "1"]
[TimeControl "40/5400+30:1800+30"]

1. e4 c5 2. Nf3 Nc6 3. d4 cxd4 4. Nxd4 Nf6 5. Nc3 e5 6. Ndb5 d6 7. Nd5 Nxd5 8. exd5 Ne7 9. c4 Ng6 10. Qa4 Bd7 11. Qb4 Qb8 12. Be3 {[%emt 0:11:48] Threatens to win with Qa5.} (12. h4 $5 ) 12... a6 {[%emt 0:02:03] B33: Sicilian: Pelikan and Sveshnikov Variations.} 13. Nc3 a5 14. Qa3 f5 {[%emt 0:16:00] [#]} 15. h4 $146 {[%emt 0:09:34] White is more active.} ({Predecessor:} 15. f3 Be7 16. O-O-O O-O 17. Kb1 Qc7 18. Nb5 Bxb5 19. cxb5 Bf6 20. b6 Qe7 21. Rc1 {½-½ (44) Marcinczyk,M (1865)-Wikar,M (2160) Sypniewo 2022}) 15... f4 16. Bd2 (16. Bb6 $16) 16... Be7 17. h5 (17. g3 $14 {feels stronger.}) 17... Nh4 $11 18. Na4 (18. O-O-O $11) 18... b6 19. Qb3 Qd8 20. Bc3 ({Don't go for} 20. Nxb6 $2 a4 21. Nxa4 (21. Qb4 $2 Rb8 $19) 21... Bxa4 $19) (20. h6 $15) 20... Rb8 21. O-O-O O-O 22. Bd3 Nxg2 23. Qc2 h6 24. Bd2 f3 25. Nc3 Kh8 26. Kb1 Rc8 27. Qb3 (27. a4 $142) 27... Nf4 $17 28. Bxf4 Rxf4 29. Ne4 Bf5 30. Rde1 Qc7 31. Re3 Bxe4 (31... Rf8 $17 32. Qc2 Bh4) 32. Rxe4 $15 Rxe4 33. Bxe4 Qxc4 34. Qxf3 Rf8 35. Qg2 Rxf2 {[%emt 0:07:43] The position is equal.} 36. Qg6 {[%emt 0:00:06][%csl Ge4][%cal Rg6h7] [#]} Rf1+ 37. Rxf1 {[%emt 0:00:02] The board is on fire.} Qxf1+ 38. Kc2 Qc4+ 39. Kb1 Qf1+ 40. Kc2 {[%emt 0:00:04][%csl Ge4][%cal Rg6h7] [#]} Qc4+ {[%emt 0:00:26] Black had all chances to win.  Weighted Error Value: White=0.18 (very precise) /Black=0.14 (very precise)} 1/2-1/2

[Event "Czech Open-GM 2022"]
[Site "Pardubice"]
[Date "2022.07.28"]
[Round "7.4"]
[White "Stalmach, Richard"]
[Black "Noe, Christopher"]
[Result "1/2-1/2"]
[ECO "E38"]
[WhiteElo "2363"]
[BlackElo "2505"]
[Annotator "TA"]
[PlyCount "33"]
[EventDate "2022.07.22"]
[EventType "swiss"]
[EventCountry "CZE"]
[SourceTitle "playchess.com"]
[Source "ChessBase"]
[SourceQuality "1"]
[TimeControl "40/5400+30:1800+30"]

1. d4 Nf6 2. c4 e6 3. Nc3 Bb4 4. Qc2 c5 5. dxc5 Na6 6. Bd2 Nxc5 7. Nf3 O-O 8. g3 Bxc3 {[%emt 0:11:21] E39: Nimzo-Indian: Classical: 4...c5 5 dxc5 0-0.} 9. Bxc3 Nce4 {[%emt 0:00:06] Inhibits Ng5.} 10. Bg2 Nxc3 {[%emt 0:14:52] The position is equal.} 11. Qxc3 b6 12. Nd4 Rb8 {[%emt 0:00:20][%cal Ba8b8,Bb8b7,Bb7c7][%mdl 32] [#]} 13. Nb5 $146 ({Predecessor:} 13. O-O Bb7 14. Qa3 Bxg2 15. Kxg2 Qc7 16. Rac1 Qc5 17. Qd3 {½-½ (17) Ponkratov,P (2644)-Fedorchuk,S (2621) Mali Losinj 2019}) 13... Bb7 14. Bxb7 {[%emt 0:00:36] White is slightly better.} Rxb7 15. Nd6 Rc7 16. O-O Qa8 17. Qd3 {[%emt 0:06:08] Prevents Ne4.  Weighted Error Value: White=0.04 (flawless) /Black=0.10 (very precise)} 1/2-1/2